 Dungeon Crawl Stone Soup version 0.27-a0-1137-g3ef0f4ec91 (webtiles) character file.

Game seed: 11338876441583025930

756 kae the Unweaver (level 7, -15/55 HPs)
             Began as a Demonspawn Abyssal Knight on May 6, 2021.
             Was a Follower of Lugonu.
             Demolished by an ogre
             ... wielding a +0 giant club
              (26 damage)
             ... on level 5 of the Dungeon.
             The game lasted 00:03:36 (5071 turns).

kae the Unweaver (Demonspawn Abyssal Knight)        Turns: 5071, Time: 00:03:37

Health: -15/55     AC:  3    Str: 14    XL:     7   Next: 50%
Magic:  11/11      EV: 12    Int: 14    God:    Lugonu [*.....]
Gold:   144        SH:  0    Dex: 12    Spells: 6/6 levels left

rFire    . . .     SeeInvis .   a - +1 falchion
rCold    . . .     Faith    .   (no shield)
rNeg     . . .     Spirit   .   b - +0 leather armour
rPois    .         Reflect  .   (no helmet)
rElec    .         Harm     .   (no cloak)
rCorr    .         Rampage  .   (no gloves)
Will     .....                  (no boots)
Stlth    +.........             (no amulet)
HPRegen  0.18/turn              (no ring)
MPRegen  0.12/turn              (no ring)

@: hasted, very quick
A: powered by death 1, spiny 1
a: Renounce Religion, Depart the Abyss


You were on level 5 of the Dungeon.
You worshipped Lugonu.
Lugonu was aware of your devotion.
You visited 1 branch of the dungeon, and saw 5 of its levels.
You visited the Abyss 1 time.

You collected 193 gold pieces.
You spent 49 gold pieces at shops.

Inventory:

Hand Weapons
 a - a +1 falchion (weapon)
Missiles
 e - 7 atropa-tipped darts
Armour
 b - a +0 leather armour (worn)
Wands
 m - a wand of charming (3)
Scrolls
 c - a scroll of identify
Potions
 f - a potion of flight
 h - 2 potions of attraction
 i - 2 potions of curing
 j - a potion of might


   Skills:
 + Level 4.7 Fighting
 * Level 5.2 Long Blades
 - Level 2.0 Armour
 - Level 3.0 Dodging
 + Level 5.4 Invocations


You had 6 spell levels left.
You didn't know any spells.
Your spell library was empty.

Dungeon Overview and Level Annotations

Branches:
Dungeon (5/15)
 Temple: D:4-7

Altars:
Kikubaaqudgha

Shops:
D:2 *?([!   D:3 !([*[

Annotations:
D:4 2 transporters, Hasart's ghost, novice FoFi


Innate Abilities, Weirdness & Mutations

You regenerate a little health from kills.
You are partially covered in sharp spines.


Message History

You hit the orc priest.
The orc priest is lightly wounded.
The orc priest is struck by your spines.
The orc priest closely misses you.
You barely miss the orc priest.
The orc priest is heavily wounded.
The orc priest misses you. The ogre is struck by your spines.
The ogre barely misses you.
You barely miss the orc priest.
The orc priest is heavily wounded.
The orc priest misses you.
You riposte.
You hit the orc priest but do no damage.
The orc priest is heavily wounded.
You hit the orc priest.
The orc priest is severely wounded.
The ogre closely misses you.
The orc wizard hits you but does no damage.
The orc priest is struck by your spines.
The orc priest barely misses you.
You hit the orc priest.
The orc priest is almost dead.
The orc wizard is struck by your spines.
The orc wizard barely misses you.
The ogre hits you with a +0 giant club!!
Ouch! That really hurt!
* * * LOW HITPOINT WARNING * * *
The orc priest is struck by your spines.
You kill the orc priest!
Lugonu accepts your kill.
The orc wizard is struck by your spines.
The orc wizard barely misses you.
The orc wizard is struck by your spines.
The orc wizard hits you with a +2 dagger of speed.
* * * LOW HITPOINT WARNING * * *
The orc wizard is struck by your spines.
The orc wizard hits you but does no damage.
Okay, then.
You feel yourself speed up.
The ogre hits you with a +0 giant club!!
You die...

##. .... . ## ....# ##. #
.....##.# ......#.# ####
# ........## ##..###
...?.....## #......
......).o.#########..####
......oO@..#...##..### #
.......)..........## ###
......./.....###### ###..
..............# ###....
......?.......# #...###
........$......# ##..##
...............# #).## #
................##.## #
...............#...#####


You could see an ogre, an orc wizard and an orc.

Vanquished Creatures
  Sigmund (D:3)
  An ice beast (D:5)
  A black bear (D:3)
  A centaur (D:4)
  A scorpion (D:4)
  A centaur zombie (D:5)
  A hound (D:3)
  An orc priest (D:5)
  Natasha (thrice) (D:3)
  5 adders
  6 orcs
  5 endoplasms
  4 giant cockroaches
  4 goblins
  7 hobgoblins
  13 jackals
  A quokka (D:1)
  5 ball pythons
  6 bats
  2 frilled lizards
  5 kobolds
  4 rats
78 creatures vanquished.

Vanquished Creatures (others)
  A human (D:5)
  6 plants (D:4)
7 creatures vanquished.

Grand Total: 85 creatures vanquished

Notes
Turn   | Place    | Note
-------+----------+-------------------------------------------
     0 | Abyss:1  | kae the Demonspawn Abyssal Knight began the quest for the
                  | Orb.
     0 | Abyss:1  | Reached XP level 1. HP: 18/18 MP: 2/2
    35 | Abyss:1  | Noticed a small abomination
    35 | Abyss:1  | Noticed a thrashing horror
    52 | D:1      | Escaped the Abyss
   422 | D:1      | Reached skill level 1 in Dodging
   911 | D:1      | Gained mutation: You are partially covered in sharp spines.
                  | [demonic ancestry]
   911 | D:1      | Reached XP level 2. HP: 18/24 MP: 3/3
  1421 | D:2      | Reached * piety under Lugonu
  1425 | D:2      | Gained mutation: You regenerate a little health from kills.
                  | [demonic ancestry]
  1425 | D:2      | Reached XP level 3. HP: 16/29 MP: 5/5
  1742 | D:2      | Found Erousyfo's Antique Armour Shoppe.
  1787 | D:2      | Found Viez's Distillery.
  1811 | D:2      | Found Jossuaxt's Weapon Shop.
  1821 | D:2      | Found Huekhlo's Magic Scroll Shop.
  1909 | D:2      | Found Okuoligh's General Store.
  2130 | D:3      | Found a faded altar of an unknown god.
  2149 | D:3      | Found Uthaovac's Armour Shop.
  2177 | D:3      | Noticed Sigmund
  2193 | D:2      | Reached XP level 4. HP: 12/35 MP: 6/6
  2515 | D:3      | Killed Sigmund
  2516 | D:3      | Reached XP level 5. HP: 13/42 MP: 7/7
  2746 | D:3      | Noticed Natasha
  2750 | D:3      | Killed Natasha
  2789 | D:3      | Noticed Natasha
  2818 | D:3      | Killed Natasha
  2819 | D:3      | Reached XP level 6. HP: 36/48 MP: 9/9
  2909 | D:3      | Found Noorph's Antique Armour Boutique.
  2910 | D:3      | Noticed Natasha
  2914 | D:3      | Killed Natasha
  2955 | D:3      | Found Qebbuga's Assorted Antiques.
  2963 | D:3      | Bought a purple potion for 23 gold pieces
  2963 | D:3      | Bought a scroll labelled NODALI POCUAMAD for 26 gold pieces
  3238 | D:3      | Found Qoowet's Antique Weapon Boutique.
  3241 | D:3      | Found Pent's Distillery.
  3545 | D:4      | Reached ** piety under Lugonu
  3991 | D:4      | Found a transporter.
  3993 | D:4      | Found a transporter.
  4016 | D:4      | Reached XP level 7. HP: 53/55 MP: 10/10
  4089 | D:4      | Noticed Hasart's ghost (novice FoFi)
  4156 | D:4      | Reached skill level 5 in Invocations
  4661 | D:5      | Entered Level 5 of the Dungeon
  4685 | D:5      | HP: 2/55 [ice beast (5)]
  4688 | D:5      | Reached skill level 5 in Long Blades
  4895 | D:5      | Found an ancient bone altar of Kikubaaqudgha.
  4901 | D:5      | Noticed a human
  4903 | D:5      | Killed a human
  5071 | D:5      | Demolished by an ogre

Illustrated notes

Levels and vault maps discovered:
D:1:      tarquinn_simple_flora_water_f, layout_basic
D:2:      layout_rooms, serial_shops, shop_statue, shop, shop,
          nicolae_shop_trees, shop, kennysheep_generic_room_3
D:3:      layout_rooms, basic_ecumenical_altar, serial_shops, shop_fountains,
          shop, shop, shop, shop, uniq_natasha, uniq_sigmund
D:4:      layout_rooms, gammafunk_ghost_gnarly_gnolls
D:5:      layout_layer_cave, tgw_kikubaaqudgha

Skill      XL: |  1  2  3  4  5  6  7 |
---------------+----------------------+-----
Dodging        | 1 2 3 |  3.0
Long Blades    | 2 3 4 5 |  5.2
Armour         | 2 |  2.0
Invocations    | 3 4 5 |  5.4
Fighting       | 4 |  4.7

Action                   |  1- 3 |  4- 6 |  7- 9 || total
-------------------------+-------+-------+-------++-------
Melee: Falchion          |    83 |    77 |    39 ||   199
Invok: Depart the Abyss  |     1 |       |       ||     1
  Use: Scroll            |     5 |       |     5 ||    10
       Potion            |       |       |     3 ||     3
 Stab: Sleeping          |     1 |       |       ||     1
Armor: Leather armour    |    29 |    17 |    12 ||    58
Dodge: Dodged            |    49 |    45 |    28 ||   122
       Rpst.: Falchion   |    11 |     8 |     5 ||    24

Table legend: (Time is in decaauts)
 A = Elapsed time spent in this place.
 B = Non-inter-level travel time spent in this place.
 C = Inter-level travel time spent in this place.
 D = Time resting spent in this place.
 E = Time spent auto-exploring this place.
 F = Levels seen in this place.
 G = Mean time per level.
                   A        B        C        D        E       F      G
               +--------+--------+--------+--------+--------+-----+--------+
         Total |   5105 |   4937 |    168 |    634 |   3760 |   6 |  850.8 |
       Dungeon |   5053 |   4885 |    168 |    634 |   3745 |   5 | 1010.6 |
         Abyss |     52 |     52 |      0 |      0 |     15 |   1 |   52.0 |
               +--------+--------+--------+--------+--------+-----+--------+

Top non-repeatable levels by time:
     D:1: 1510 daAuts
     D:4: 1154 daAuts
     D:3: 1104 daAuts
     D:2: 873 daAuts
     D:5: 411 daAuts
 Abyss:1: 52 daAuts
